[Event "NJSK 2026 Jeugd C"]
[Site "Helmond, Netherlands"]
[Date "2026.04.28"]
[Round "5.17"]
[White "Mendelsohn, Saffran"]
[Black "Nair, Pranav Prasobh"]
[Result "1/2-1/2"]
[TimeControl "90min/40moves + 30sec/move"]
[WhiteTitle "-"]
[BlackTitle "-"]
[WhiteFideId "40108996"]
[BlackFideId "40109135"]
[WhiteElo "1767"]
[BlackElo "1747"]

1. e4 e5 2. Nf3 Nc6 3. Bc4 Nf6 4. d3 Bc5 5. c3 d6 6. O-O h6 7. h3 O-O 8. Nbd2 Be6 9. b4 Bb6 10.
Bxe6 fxe6 11. Nc4 d5 12. exd5 Qxd5 13. Nxb6 axb6 14. c4 Qd6 15. b5 Nb4 16. d4 exd4 17. Qb3 c5 18. Bd2 Ra7 19.
Rfe1 Rfa8 20. a3 d3 21. Bxb4 cxb4 22. a4 Nd7 23. Red1 Nc5 24. Qxb4 Rxa4 25. Rxa4 Rxa4 26. Qc3 Ra2 27.
Nd2 Na4 28. Qb3 Ra3 29. Ne4 Qf8 30. Qb1 Qf5 31. Rxd3 Rxd3 32. Qxd3 Nc5 33. Nxc5 Qxc5 34. Qe4 Qc8 35. Qd4 Qc7 36.
Kf1 e5 37. Qd5+ Kh8 38. Ke2 Qe7 39. Ke3 Qg5+ 40. Ke2 Qe7 41. g3 Qb4 42. Ke3 Qe1+ 43. Kf3 Qc3+ 44. Kg4 Qc2 45. h4 h5+ 46.
Kf3 Qc3+ 47. Ke4 Qe1+ 48. Kf5 Qxf2+ 49. Kxe5 Qxg3+ 50. Ke6 Qg4+ 51. Kd6 Qc8 52. Qxh5+ Kg8 53. Qd5+ Kh8 54. Ke7 Qc7+ 55.
Ke6 Qc8+ 56. Ke5 Qe8+ 57. Kf4 Qf8+ 58. Kg4 Qc8+ 59. Kf4 Qc7+ 60. Ke4 Qe7+ 61. Kd3 Qxh4 62. Qxb7 Qg3+ 1/2-1/2

[Event "NJSK 2026 Jeugd C"]
[Site "Helmond, Netherlands"]
[Date "2026.04.29"]
[Round "6.1"]
[White "Guillaumond, Matthieu"]
[Black "Lenting, Roan"]
[Result "1-0"]
[TimeControl "90min/40moves + 30sec/move"]
[WhiteTitle "-"]
[BlackTitle "-"]
[WhiteFideId "1097091"]
[BlackFideId "1085905"]
[WhiteElo "2104"]
[BlackElo "1986"]

1. e4 c5 2. Nf3 e6 3. c3 Nf6 4.
e5 Nd5 5. d4 cxd4 6. cxd4 d6 7. Bc4 Nc6 8. Qe2 Be7 9. O-O O-O 10. Nc3 Nxc3 11. bxc3 dxe5 12. dxe5 Qc7 13. Re1 b6 14.
Bd3 Bb7 15. Ng5 Bxg5 16. Bxg5 Nxe5 17. Qxe5 Qxe5 18. Rxe5 f6 19. Rxe6 fxg5 20. Bc4 Kh8 21. Re7 Bc6 22. Rae1 Rfe8 23.
f3 a5 24. Kf2 b5 25. Rxe8+ Bxe8 26. Bf1 h6 27. Re5 b4 28. cxb4 axb4 29. Bc4 Bg6 30. Re2 Rc8 31. Bb3 Kh7 32.
Rd2 h5 33. Rd5 Kh6 34. Rb5 Bc2 35. Rb6+ g6 36. Rxb4 Bxb3 37. axb3 h4 38. Rc4 Ra8 39. Rc2 Kg7 40. h3 Kf6 41.
b4 Rb8 42. Rb2 Rb5 43. Ke3 Ke5 44. Kd3 Kd5 45. Kc3 Kc6 46. Re2 Kd6 47. Ra2 Rb6 48. Ra5 Rc6+ 49. Kb3 Rc1 50. Rxg5 Rb1+ 51.
Kc4 Ke6 52. Rxg6+ Kf5 53. Rg4 1-0

[Event "NJSK 2026 Jeugd C"]
[Site "Helmond, Netherlands"]
[Date "2026.04.29"]
[Round "6.2"]
[White "Blok, Lukas"]
[Black "Teianu, Sabin"]
[Result "0-1"]
[TimeControl "90min/40moves + 30sec/move"]
[WhiteTitle "-"]
[BlackTitle "-"]
[WhiteFideId "40110494"]
[BlackFideId "1095846"]
[WhiteElo "1991"]
[BlackElo "2131"]

1. c4 c6 2. e4 d5 3. cxd5 cxd5 4. exd5 Nf6 5. Nc3 Nxd5 6. Bc4 Nb6 7. Bb3 g6 8. Qf3 e6 9. Nge2 Bg7 10.
d4 O-O 11. Be3 Bd7 12. h4 Bc6 13. Qh3 h5 14. Rd1 a5 15. a3 a4 16. Ba2 Nd5 17. O-O Na6 18. Rc1 Nac7 19. Bg5 Qd7 20.
Rfd1 Rfc8 21. Ne4 b6 22. Qg3 Ne8 23. Nd2 Nd6 24. Nc4 Nxc4 25. Bxc4 b5 26. Ba2 Bb7 27. Qd3 Rxc1 28. Rxc1 b4 29.
Bxd5 Qxd5 30. f3 Ba6 31. Qd2 Bxe2 32. Qxe2 Qxd4+ 33. Kh1 Qxb2 34. Qe4 Rb8 35. axb4 a3 36. Rb1 a2 37. Rxb2 Bxb2 38.
Kh2 a1=Q 39. Bf4 Rd8 40. b5 Rd4 0-1

[Event "NJSK 2026 Jeugd C"]
[Site "Helmond, Netherlands"]
[Date "2026.04.29"]
[Round "6.3"]
[White "Leenen, Boyd"]
[Black "Pathak, Raghav"]
[Result "0-1"]
[TimeControl "90min/40moves + 30sec/move"]
[WhiteTitle "-"]
[BlackTitle "-"]
[WhiteFideId "1083937"]
[BlackFideId "1084259"]
[WhiteElo "2205"]
[BlackElo "2091"]

1. d4 Nf6 2. c4 g6 3. Nc3 Bg7 4. e4 d6 5. Nf3 O-O 6. Be2 e5 7. O-O Nc6 8. d5 Ne7 9. b4 Nd7 10.
a4 h6 11. Ba3 a5 12. bxa5 Rxa5 13. Bb4 Ra8 14. Nd2 f5 15. Nb3 Nf6 16. c5 Nxe4 17. Nxe4 fxe4 18. cxd6 cxd6 19. Nd2 Nf5 20.
Nxe4 h5 21. Bd3 Kh8 22. Qc1 Kh7 23. Qa3 Rf7 24. a5 Bf8 25. Rfc1 Bh6 26. Rc3 Bf8 27. Rac1 Bh6 28. Rd1 Bf8 29.
Rdc1 Bh6 30. R1c2 Nd4 31. Ra2 Qh4 32. Bxd6 Nb5 33. Bxb5 Qxe4 34. Ra1 Bf5 35. Bd3 Qd4 36. Bc5 Qh4 37.
Bxf5 Rxf5 38. Rd1 Bf8 39. Rg3 Bxc5 40. Qxc5 Raf8 41. Qb6 R5f6 42. Qxb7+ R8f7 43. Qb1 e4 44. d6 Qf4 45. Qc2 Rxd6 46. Rxd6 Qxd6 47. h3 Qd4 48.
Qa2 Kg7 49. a6 h4 50. Re3 Qd1+ 51. Kh2 Qd6+ 52. g3 hxg3+ 53. fxg3 Qd4 54. Qe2 Re7 55. Kg2 Qb6 56. h4 Qd4 57. g4 Kh7 58. Kh3 Qa1 59. Kg2 Qd4 60.
Qe1 Qb2+ 61. Kh3 Rf7 62. h5 g5 63. Qh1 Qf2 64. Qxe4+ Kh8 65. Qe5+ Kh7 66. Qe4+ Kh8 67. Qd3 Qh4+ 68. Kg2 Rf2+ 0-1

[Event "NJSK 2026 Jeugd C"]
[Site "Helmond, Netherlands"]
[Date "2026.04.29"]
[Round "6.4"]
[White "Sosef, Noah"]
[Black "Thijssen, Freek"]
[Result "1/2-1/2"]
[TimeControl "90min/40moves + 30sec/move"]
[WhiteTitle "-"]
[BlackTitle "-"]
[WhiteFideId "40107060"]
[BlackFideId "1091840"]
[WhiteElo "2012"]
[BlackElo "2159"]

1. e4 c5 2. Nf3 Nc6 3. d4 cxd4 4. Nxd4 Nf6 5. Nc3 e5 6. Ndb5 d6 7. Bg5 a6 8. Na3 b5 9. Nd5 Be7 10.
Bxf6 Bxf6 11. c3 Ne7 12. Nxf6+ gxf6 13. Nc2 Bb7 14. Bd3 d5 15. Qe2 f5 16. f3 fxe4 17. fxe4 dxe4 18. Bxe4 Bxe4 19.
Qxe4 Qd5 20. Qxd5 Nxd5 21. g3 f5 22. O-O O-O 23. Rad1 Rad8 24. Rde1 Rde8 25. Rd1 Rd8 26. Rde1 Rde8 27.
Rd1 1/2-1/2

[Event "NJSK 2026 Jeugd C"]
[Site "Helmond, Netherlands"]
[Date "2026.04.29"]
[Round "6.5"]
[White "Koppenens, Oscar"]
[Black "Botter, Simon"]
[Result "0-1"]
[TimeControl "90min/40moves + 30sec/move"]
[WhiteTitle "-"]
[BlackTitle "-"]
[WhiteFideId "1087940"]
[BlackFideId "40107698"]
[WhiteElo "2036"]
[BlackElo "1988"]

1. e4 c5 2. Nf3 d6 3. d4 cxd4 4. Nxd4 Nf6 5. Nc3 a6 6. Be3 e5 7. Nf3 Be7 8. Bc4 Be6 9. Bxe6 fxe6 10.
Ng5 Qd7 11. Qf3 d5 12. O-O-O d4 13. Bxd4 exd4 14. e5 O-O 15. Qh3 h6 16. exf6 Rxf6 17. Nge4 Rf5 18. Rhe1 Nc6 19. Ne2 Rc8 20.
Kb1 Rd8 21. f4 Rd5 22. Nc1 e5 23. f5 Na5 24. g4 Nc4 25. Rd3 Qc6 26. Qf3 a5 27. h4 a4 28. Re2 Rb5 29. c3 Nxb2 30.
Rxb2 Ba3 31. Rxb5 Qxb5+ 32. Kc2 Qb2+ 33. Kd1 Qxc1+ 34. Ke2 Qb2+ 35. Rd2 Qb5+ 36. Kf2 Bc1 37. Rd1 Be3+ 38. Kg2 Qb2+ 39.
Kh3 Qxa2 40. cxd4 Bf4 41. Nf2 Qd5 42. Qxd5+ Rxd5 43. Rb1 Rxd4 44. Rxb7 Rd2 45. g5 Rxf2 46. g6 Kf8 47. Rf7+ Ke8 48.
Rxg7 h5 49. Rg8+ Kd7 0-1

[Event "NJSK 2026 Jeugd C"]
[Site "Helmond, Netherlands"]
[Date "2026.04.29"]
[Round "6.6"]
[White "Huang, Vincent"]
[Black "Gupta, Akul"]
[Result "1/2-1/2"]
[TimeControl "90min/40moves + 30sec/move"]
[WhiteTitle "-"]
[BlackTitle "-"]
[WhiteFideId "40104184"]
[BlackFideId "1084194"]
[WhiteElo "1855"]
[BlackElo "2017"]

1. d4 Nf6 2. c4 e6 3. Nc3 Bb4 4.
Bd2 b6 5. Nf3 Bb7 6. e3 Bxc3 7. Bxc3 O-O 8. Bd3 Ne4 9. Rc1 f5 10. O-O d6 11. Re1 Nd7 12. Bf1 Ndf6 13. Be2 Qe8 14.
Rf1 Qg6 15. g3 Qh6 16. Nh4 g5 17. Ng2 g4 18. f4 Qh3 19. d5 exd5 20. cxd5 Qh6 21. Bxf6 Nxf6 22. Bc4 Ne4 23. Nh4 Qg7 24.
Rc2 Kh8 25. a3 a5 26. Qc1 Rac8 27. Ba2 Ba6 28. Rd1 a4 29. Rd4 Nc5 30. Rc3 Rce8 31. Rd1 Be2 32. Rd2 Ba6 33. Rd4 Re7 34.
Bb1 Bc8 35. Bc2 Bd7 36. Rd1 Qf6 37. Qd2 Bc8 38. Qd4 Qxd4 39. Rxd4 Bd7 40. Ng2 Rfe8 41. Kf2 Kg7 42. Rd1 Bb5 43.
Bxf5 Kf6 44. Bc2 Bd7 45. Rd4 Bf5 46. Bxf5 Kxf5 47. Ke2 h5 48. Nh4+ Kf6 49. Ng2 Ne4 50. Rc1 Nc5 51. Rc3 Ne4 52.
Rc1 Nc5 53. Rcd1 Rh7 54. Rb4 Rhe7 55. Rdd4 Nb3 56. Rdc4 Nc5 57. Rc3 Ne4 58. Rc1 Nc5 1/2-1/2

[Event "NJSK 2026 Jeugd C"]
[Site "Helmond, Netherlands"]
[Date "2026.04.29"]
[Round "6.7"]
[White "Omnes, Tiago"]
[Black "Zhou, Yanyang"]
[Result "0-1"]
[TimeControl "90min/40moves + 30sec/move"]
[WhiteTitle "-"]
[BlackTitle "-"]
[WhiteFideId "1091867"]
[BlackFideId "40109739"]
[WhiteElo "1990"]
[BlackElo "1860"]

1. Nf3 d5 2. g3 g6 3. Bg2 Bg7 4.
O-O e5 5. c4 c6 6. cxd5 cxd5 7. d3 Ne7 8. Nc3 O-O 9. Bd2 Nbc6 10. e4 dxe4 11. dxe4 Nd4 12. Bg5 h6 13. Bxe7 Qxe7 14.
Nd5 Qd8 15. Nxd4 exd4 16. f4 Be6 17. Rc1 Bxd5 18. exd5 Qb6 19. Qd2 Rfe8 20. Kh1 Re3 21. f5 Rae8 22. fxg6 fxg6 23. Qf2 R8e7 24.
Bh3 Rc7 25. Be6+ Kh7 26. Qd2 Rxc1 27. Rxc1 d3 28. Rf1 Re2 29. Qxd3 Qxb2 30. Qxe2 Qxe2 31. Bh3 Qxa2 32. Bg2 Qd2 33.
h3 a5 34. Bf3 Qd3 35. Kg2 a4 36. Rd1 Qc2+ 37. Kg1 a3 38. d6 Qxd1+ 39. Bxd1 a2 40. d7 Bf6 0-1

[Event "NJSK 2026 Jeugd C"]
[Site "Helmond, Netherlands"]
[Date "2026.04.29"]
[Round "6.8"]
[White "Zhang, Xiheng"]
[Black "Uitermark, Imre"]
[Result "1-0"]
[TimeControl "90min/40moves + 30sec/move"]
[WhiteTitle "-"]
[BlackTitle "-"]
[WhiteFideId "40102386"]
[BlackFideId "40105199"]
[WhiteElo "2135"]
[BlackElo "1957"]

1. e4 c5 2. Nf3 Nc6 3. d4 cxd4 4. Nxd4 Nf6 5. Nc3 e5 6. Ndb5 d6 7. Bg5 a6 8. Na3 b5 9. Bxf6 gxf6 10.
Nd5 Bg7 11. c3 f5 12. exf5 Bxf5 13. Nc2 O-O 14. Nce3 Be6 15. Bd3 f5 16. O-O e4 17. Nf4 Bf7 18. Bc2 Be5 19. Nfd5 Qg5 20.
f4 exf3 21. Rxf3 Bh5 22. Nc7 Kh8 23. Nxa8 Bf4 24. Nd5 Ne5 25. Qd4 Bxf3 26. Nxf4 Rf6 27. Nc7 Bxg2 28. Nfe6 Qg8 29. Kf2 Be4 30.
Rg1 Qxg1+ 31. Kxg1 Nf3+ 32. Kf2 Nxd4 33.
Nxd4 d5 34. Bb3 Rg6 35. Nf3 Rh6 36. Bxd5 Rh3 37. Bxe4 fxe4 38. Nd4 Rxh2+ 39. Ke3 Rxb2 40. Nxa6 Rxa2 41. Nc7 Ra3 42. Ncxb5 Rxc3+ 43. Nxc3 Kg7 44. Kxe4 Kf6 45. Kf4 h5 46. Ne4+ Ke7 47. Ng5 Kd6 48. Ke4 h4 49. Nh3 Kc5 50. Nc2 Kd6 51. Ne3 Kc5 52.
Ke5 Kc6 53. Nd1 Kc5 54. Nb2 Kc6 55. Nd3 Kd7 56. Nb4 Ke7 57. Na6 Kd7 58. Kd5 Ke7 59. Nc5 Kf6 60. Ke4 Kf7 61. Kf5 Ke7 62. Ke5 Kf7 63. Na4 Kg6 64. Nb6 Kf7 65. Nd5 Kg6 66.
Ke6 Kg7 67. Ke7 Kg6 68. Ne3 Kg7 69.
Nd5 Kg6 70. Ke6 Kg7 71. Nc7 Kg6 72. Ne8 Kh5 73. Kf5 Kh6 74. Nd6 Kg7 75. Kg5 Kh7 76. Nf5 Kg8 77. Kf6 Kf8 78. Ng7 Kg8 79.
Ne6 Kh7 80. Kg5 Kg8 81. Kg6 Kh8 82. Neg5 Kg8 83. Nh7 Kh8 84.
N3g5 Kg8 85. Ne4 1-0

[Event "NJSK 2026 Jeugd C"]
[Site "Helmond, Netherlands"]
[Date "2026.04.29"]
[Round "6.9"]
[White "Nadrshin, Oleg"]
[Black "Huang, Ziyang"]
[Result "1/2-1/2"]
[TimeControl "90min/40moves + 30sec/move"]
[WhiteTitle "-"]
[BlackTitle "-"]
[WhiteFideId "40111873"]
[BlackFideId "40105288"]
[WhiteElo "1894"]
[BlackElo "1721"]

1. e4 c5 2. Nf3 d6 3. d4 cxd4 4. Nxd4 Nf6 5. Nc3 g6 6. Be3 Bg7 7. f3 O-O 8. Qd2 Nc6 9. O-O-O d5 10.
Nxc6 bxc6 11. Bh6 Be6 12. Bxg7 Kxg7 13. e5 Nd7 14. f4 Nc5 15. Be2 d4 16. Qxd4 Qb6 17. Ne4 Nxe4 18. Qxe4 Rab8 19.
Qd4 Qa5 20. a3 c5 21. Qc3 1/2-1/2

[Event "NJSK 2026 Jeugd C"]
[Site "Helmond, Netherlands"]
[Date "2026.04.29"]
[Round "6.10"]
[White "Okita, Ryoga"]
[Black "Lalkota, Sai Pranav Tejas"]
[Result "1/2-1/2"]
[TimeControl "90min/40moves + 30sec/move"]
[WhiteTitle "-"]
[BlackTitle "-"]
[WhiteFideId "1090666"]
[BlackFideId "1087690"]
[WhiteElo "1812"]
[BlackElo "1830"]

1. e4 e6 2. d4 d5 3. Bd3 dxe4 4. Bxe4 Nf6 5. Bf3 Bd6 6. Ne2 c6 7. Nbc3 Qc7 8. Bg5 Nbd7 9. Qd2 Nd5 10.
Ne4 e5 11. Nxd6+ Qxd6 12. dxe5 Qxe5 13. O-O-O N7b6 14. Nc3 O-O 15. Rhe1 Qf5 16. Nxd5 cxd5 17. Bxd5 Nxd5 18. Qxd5 Qxf2 19.
Be7 Bf5 20. Qd2 Qxd2+ 21. Rxd2 Rfe8 22. Bh4 Rxe1+ 23. Bxe1 Re8 24. Bf2 a6 25. b3 h5 26. Kb2 g5 27. Rd5 Bg6 28. Bd4 g4 29.
Rd7 Be4 30. g3 Bc6 31. Rd6 Kh7 32. Rf6 Bd5 33.
Rf5 Be4 34. Rxf7+ Kg6 35. Rf6+ Kg5 36. Rf2 Bf3 37. Kc3 Kf5 38. Kd3 Re1 39. c3 Rd1+ 40. Rd2 Be4+ 41. Ke3 Re1+ 42. Re2 Rh1 43.
Rf2+ Bf3 44. b4 b5 45. Kd3 Ke6 46. Ke3 Kf5 47. Kd3 Re1 48. Kd2 Ra1 49. Kd3 Rd1+ 50. Kc2 Re1 51. Kd3 1/2-1/2

[Event "NJSK 2026 Jeugd C"]
[Site "Helmond, Netherlands"]
[Date "2026.04.29"]
[Round "6.11"]
[White "Ozbek, Ahmet Naim"]
[Black "Cubuk, Armin"]
[Result "1-0"]
[TimeControl "90min/40moves + 30sec/move"]
[WhiteTitle "-"]
[BlackTitle "-"]
[WhiteFideId "40101975"]
[BlackFideId "40105423"]
[WhiteElo "1869"]
[BlackElo "1881"]

1. d4 Nf6 2. c4 g6 3. Nc3 Bg7 4. e4 d6 5. Nf3 O-O 6. Be2 e5 7. O-O Nc6 8. d5 Ne7 9. Ne1 Ne8 10.
Be3 f5 11. f3 f4 12. Bf2 g5 13. a4 a5 14. Nd3 b6 15. b4 axb4 16. Nxb4 Bd7 17. Nb5 Nf6 18. Qb3 Bxb5 19. cxb5 Kh8 20.
Rac1 Nd7 21. Rfd1 Nc5 22. Bxc5 bxc5 23. Nd3 Qe8 24. Nb2 Rf6 25. Nc4 Rh6 26. a5 Qh5 27. h3 Qh4 28. Qc3 g4 29.
fxg4 Ng6 30. Bf3 Qe7 31. Ra1 Nh4 32. b6 Rf8 33. b7 Nxg2 34. Bxg2 f3 35. Rf1 fxg2 36. Rxf8+ Qxf8 37. a6 Rf6 38.
Ne3 Rf3 39. a7 Rxh3 40. a8=Q Rh1+ 41. Kxg2 1-0

[Event "NJSK 2026 Jeugd C"]
[Site "Helmond, Netherlands"]
[Date "2026.04.29"]
[Round "6.12"]
[White "Nguyen, Paul"]
[Black "Suthan, Aadvik"]
[Result "0-1"]
[TimeControl "90min/40moves + 30sec/move"]
[WhiteTitle "-"]
[BlackTitle "-"]
[WhiteFideId "1095072"]
[BlackFideId "1095765"]
[WhiteElo "1845"]
[BlackElo "1822"]

1. c4 c5 2. g3 g6 3. Bg2 Bg7 4. Nf3 Nc6 5. Nc3 Nf6 6. d3 d6 7. O-O O-O 8. e4 Bg4 9. h3 Be6 10.
Ng5 Bd7 11. f4 h6 12. Nf3 e5 13. Be3 Nh5 14. Kh2 exf4 15. gxf4 f5 16. e5 dxe5 17. Bxc5 Re8 18. fxe5 Nxe5 19.
Bd6 Nxf3+ 20. Bxf3 Bc6 21. c5 Bxf3 22. Qxf3 Be5+ 23. Kg1 Bxd6 24. Qd5+ Kh7 25. cxd6 Qg5+ 26. Qg2 Qe3+ 27. Kh2 Qe5+ 28.
Kg1 Rab8 29. Rfe1 Qd4+ 30. Kh1 Qxd6 31. Rxe8 Rxe8 32. Qxb7+ Re7 33. Qf3 Nf4 34. Rd1 g5 35. d4 h5 36.
d5 Qc5 37. b4 Qb6 38. a4 Re3 39. a5 Rxf3 40. axb6 axb6 41. Na4 Rxh3+ 42. Kg1 Rb3 43. Nxb6 Rxb4 44. Nd7 Ne2+ 45. Kf2 Nc3 46.
Rd3 Ne4+ 47. Kf3 g4+ 48. Ke3 f4+ 49. Ke2 Rb2+ 50. Ke1 f3 51. Ne5 Re2+ 52. Kf1 Ng3+ 0-1

[Event "NJSK 2026 Jeugd C"]
[Site "Helmond, Netherlands"]
[Date "2026.04.29"]
[Round "6.13"]
[White "Fu, Ziqing"]
[Black "Shaikh, Rushaan"]
[Result "1-0"]
[TimeControl "90min/40moves + 30sec/move"]
[WhiteTitle "-"]
[BlackTitle "-"]
[WhiteFideId "40109623"]
[BlackFideId "40113604"]
[WhiteElo "1810"]
[BlackElo "1842"]

1. e4 g6 2. d4 Bg7 3. Nf3 d6 4. Nc3 a6 5. a4 b6 6. Bc4 e6 7. O-O Ne7 8. Re1 Nd7 9. Bf4 Bb7 10.
Qd3 Nf6 11. Rad1 Qd7 12. e5 Nfd5 13. Nxd5 Nxd5 14. Bg3 Qxa4 15. exd6 cxd6 16. Bxd6 Rc8 17. Bb3 Qc6 18. Be5 O-O 19.
Bxg7 Kxg7 20. Qe4 Nf6 21. Qxc6 Bxc6 22. Ne5 Rfd8 23. f3 Nd7 24. Nxc6 Rxc6 25. d5 exd5 26. Rxd5 Kf6 27. Red1 Ke7 28.
R5d4 f6 29. Re4+ Ne5 30. Ra1 Kf8 31. Rxa6 Rd1+ 32. Kf2 Rb1 33. Ra8+ Kg7 34. Rg8+ Kh6 35. Rh4+ Kg5 36. Kg3 Nd7 37.
Ba4 Rd6 38. Rd8 Rbd1 39. Rxh7 Nc5 40.
Rxd6 Rxd6 41. Bb5 Rd2 42. b4 Ne6 43. h4+ Kf5 44. Bd3+ Ke5 45. Bxg6 Nf4 46. Re7+ Kd6 47. Rf7 Ke5 48.
Re7+ Kd6 49. Re8 Rxg2+ 50. Kxf4 Rxg6 51. c3 Rh6 52. Kg4 Rg6+ 53. Kf5 Rh6 54. Re4 b5 55. Kg4 Rg6+ 56. Kf5 Rh6 57.
Rd4+ Kc6 58. Rg4 Kd5 59. Re4 Kd6 60. c4 bxc4 61. Rxc4 Kd5 62. Re4 Kc6 63. Kg4 Kb5 64. Rf4 Ka4 65.
h5 Kb5 66. Kh4 Ka4 67. Rg4 Rh7 68. Rg6 Kxb4 69. Rxf6 Kc4 70. Kg5 Rg7+ 71. Rg6 1-0

[Event "NJSK 2026 Jeugd C"]
[Site "Helmond, Netherlands"]
[Date "2026.04.29"]
[Round "6.14"]
[White "Ngangbam, Chingthang"]
[Black "Tkacenko, Kostia"]
[Result "1-0"]
[TimeControl "90min/40moves + 30sec/move"]
[WhiteTitle "-"]
[BlackTitle "-"]
[WhiteFideId "1086510"]
[BlackFideId "40120708"]
[WhiteElo "1937"]
[BlackElo "1552"]

1. e4 e6 2. d4 d5 3. Nc3 Nf6 4. Bg5 Be7 5. Bxf6 Bxf6 6. Nf3 b6 7. Bd3 Bb7 8. Qd2 O-O 9. O-O-O Nd7 10.
e5 Be7 11. h4 c5 12. Qe2 h6 13. Qe3 cxd4 14. Nxd4 Bc5 15. g4 Qc7 16. f4 Bxd4 17. Qxd4 Qc5 18. Ne2 Rac8 19. c3 f6 20.
Bc2 fxe5 21. Qd3 e4 22. Qg3 e5 23. Bb3 b5 24. Kb1 a5 25. Rhf1 a4 26. Bc2 d4 27. Nxd4 exd4 28. Rxd4 Qc7 29.
g5 hxg5 30. hxg5 Rce8 31. Qh3 Re7 32. g6 Nf6 33. Rh1 e3 34. Qh8# 1-0

[Event "NJSK 2026 Jeugd C"]
[Site "Helmond, Netherlands"]
[Date "2026.04.29"]
[Round "6.15"]
[White "Bajnath, Dhanesh"]
[Black "Roersma, Dylan"]
[Result "1-0"]
[TimeControl "90min/40moves + 30sec/move"]
[WhiteTitle "-"]
[BlackTitle "-"]
[WhiteFideId "40104842"]
[BlackFideId "1097393"]
[WhiteElo "1889"]
[BlackElo "1846"]

1. e4 c5 2. Nf3 Nc6 3.
d4 cxd4 4. Nxd4 e5 5. Nb5 d6 6. c4 Be7 7. N1c3 a6 8. Na3 Nf6 9. Nc2 Be6 10. Be2 O-O 11. O-O Rc8 12. Be3 h6 13. h3 Qd7 14. Qd2 Bd8 15.
Rad1 Bc7 16. f4 Qe7 17. f5 Bd7 18. Nd5 Qd8 19. Bxh6 Nxe4 20. Qe3 Qh4 21. Bg4 Qxh6 22. Qxe4 Bd8 23.
f6 Nb8 24. Nce3 Be6 25. Nf5 Bxf5 26. Qxf5 Rxc4 27. Ne7+ Kh8 28. Rxd6 Bxe7 29. fxe7 Qxd6 30. Qh5+ Kg8 31.
exf8=Q+ Qxf8 32. Bf5 Qc5+ 33. Kh2 Qc7 34. Qh7+ Kf8 35. Qh8+ Ke7 36. Qxg7 Nc6 37. Bg6 Kd6 38. Rxf7 Qc8 39.
Rxb7 Kc5 40. Rc7 Qb8 41. Qxe5+ Kb4 42. Qe1+ Kb5 43. Qg3 a5 44. Bd3 Kb6 45. Rxc6+ 1-0

[Event "NJSK 2026 Jeugd C"]
[Site "Helmond, Netherlands"]
[Date "2026.04.29"]
[Round "6.16"]
[White "De Wit, Jim"]
[Black "Mendelsohn, Saffran"]
[Result "1-0"]
[TimeControl "90min/40moves + 30sec/move"]
[WhiteTitle "-"]
[BlackTitle "-"]
[WhiteFideId "1097326"]
[BlackFideId "40108996"]
[WhiteElo "1749"]
[BlackElo "1767"]

1. e4 c5 2. Nf3 Nc6 3. Nc3 e5 4. Bc4 d6 5. d3 Be7 6. Nd2 Nf6 7. Nf1 Be6 8. Ne3 O-O 9. Ncd5 Bxd5 10.
Nxd5 Nxd5 11. Bxd5 Bg5 12. O-O Rb8 13. c3 Bxc1 14. Rxc1 Ne7 15. Bb3 b5 16. g3 Ng6 17. Bd5 Qg5 18.
Kh1 Kh8 19. Rc2 Qh6 20. Qd2 Qh3 21. Qe2 Ne7 22. Bb3 f5 23. Be6 Rf6 24. exf5 Rbf8 25. g4 Rxe6 26. fxe6 Ng6 27. Rg1 Nf4 28.
Qe3 Qh6 29. e7 Re8 30. d4 Qg6 31. dxe5 dxe5 32. Rd2 Rxe7 33. Rd8+ Re8 34. Rxe8+ Qxe8 35. Re1 Qc6+ 36. Qe4 Qxe4+ 37. Rxe4 Nd3 38. Kg2 g5 39.
Re3 c4 40. b3 Nc1 41. Rxe5 Nxa2 42. Rxb5 Nxc3 43. Rb8+ Kg7 44. bxc4 a5 45. c5 Kg6 46. c6 Nd5 47. Rb7 a4 48.
c7 Ne7 49. Rb8 Kf6 50. c8=Q Nxc8 51. Rxc8 Ke5 52. Ra8 Kf4 53. Rxa4+ Ke5 54. h4 gxh4 55. Kh3 Kf6 56. Kxh4 Kg6 57.
Ra6+ Kf7 58. Kh5 Kg7 59. g5 h6 60. Ra7+ Kg8 61.
Kg6 Kh8 62. Ra8# 1-0

[Event "NJSK 2026 Jeugd C"]
[Site "Helmond, Netherlands"]
[Date "2026.04.29"]
[Round "6.17"]
[White "Nair, Pranav Prasobh"]
[Black "Brorens, Victor"]
[Result "1-0"]
[TimeControl "90min/40moves + 30sec/move"]
[WhiteTitle "-"]
[BlackTitle "-"]
[WhiteFideId "40109135"]
[BlackFideId "1095307"]
[WhiteElo "1747"]
[BlackElo "1911"]

1. e4 e6 2. d4 d5 3. e5 c5 4.
c3 Nc6 5. Nf3 Bd7 6. a3 Qb6 7. b4 cxd4 8. cxd4 Nge7 9. Bb2 a6 10. Bd3 Ng6 11. g3 f6 12. Nbd2 Be7 13. Nb3 f5 14.
h4 a5 15. b5 a4 16. Nc5 Qa5+ 17. Kf1 Nd8 18. Nxd7 Kxd7 19. Rc1 Nf7 20. Kg2 Rhc8 21. Qe2 h6 22. Bxf5 exf5 23. e6+ Ke8 24. exf7+ Kxf7 25. h5 Nf8 26.
Qe5 Qd8 27. Qxf5+ Kg8 28. Rhe1 Bf6 29. Ne5 Rxc1 30. Rxc1 Qe8 31. Rc5 Rd8 32. Ng4 Qe4+ 33. Qxe4 dxe4 34. Nxf6+ gxf6 35. Rc4 Rd5 36. Rc5 Rd7 37. d5 Kf7 38.
Bc1 Kg7 39. b6 f5 40. Rc7 Kh7 41. Bd2 Kg7 42. Bb4 Rf7 43. Bc3+ Kg8 44. Bd2 Kg7 45. Bxh6+ Kf6 46. Rxf7+ Kxf7 47.
Bxf8 Kxf8 48. d6 Kf7 49. h6 1-0

[Event "NJSK 2026 Jeugd C"]
[Site "Helmond, Netherlands"]
[Date "2026.04.29"]
[Round "7.1"]
[White "Botter, Simon"]
[Black "Guillaumond, Matthieu"]
[Result "1/2-1/2"]
[TimeControl "90min/40moves + 30sec/move"]
[WhiteTitle "-"]
[BlackTitle "-"]
[WhiteFideId "40107698"]
[BlackFideId "1097091"]
[WhiteElo "1988"]
[BlackElo "2104"]

1. d4 d5 2. c4 e6 3. Nc3 Nf6 4. cxd5 exd5 5. Bf4 Nbd7 6. e3 Bb4 7. a3 Bxc3+ 8. bxc3 O-O 9. Bd3 c5 10. Nf3 Qa5 11. Qd2 Ne4 12.
Bxe4 dxe4 13. Ne5 Nxe5 14. Bxe5 b6 15. c4 Qa4 16. dxc5 Qxc4 17. Qd4 Qb5 18. a4 Qa5+ 19. Kf1 Ba6+ 20.
Kg1 Qxc5 21. Bxg7 Rfd8 22. Qb2 Rd6 23. Be5 Re6 24. Bf4 Rc8 25. h3 Qc3 26. Qxc3 Rxc3 27. Kh2 Bd3 28. Rhc1 Rec6 29.
Rxc3 Rxc3 30. Be5 Rc2 31. Kg3 a6 32.
Bd4 Rc6 1/2-1/2

[Event "NJSK 2026 Jeugd C"]
[Site "Helmond, Netherlands"]
[Date "2026.04.29"]
[Round "7.2"]
[White "Teianu, Sabin"]
[Black "Pathak, Raghav"]
[Result "1-0"]
[TimeControl "90min/40moves + 30sec/move"]
[WhiteTitle "-"]
[BlackTitle "-"]
[WhiteFideId "1095846"]
[BlackFideId "1084259"]
[WhiteElo "2131"]
[BlackElo "2091"]

1. d4 Nf6 2. c4 g6 3. Nc3 Bg7 4. e4 d6 5. Nf3 O-O 6. Be2 e5 7. Be3 Ng4 8. Bg5 f6 9. Bc1 exd4 10.
Nxd4 Ne5 11. Be3 Nbc6 12. Nxc6 bxc6 13. f4 Nd7 14. Qd2 f5 15. exf5 gxf5 16. Bf3 Bb7 17. O-O-O a5 18. Rhg1 a4 19.
g4 Kh8 20. gxf5 a3 21. Rxg7 Kxg7 22. Rg1+ Kh8 23. Bd4+ Nf6 24. Ne4 c5 25. Qg2 Qe7 26. Bxf6+ Rxf6 27. Nxf6 Qxf6 28. Bxb7 Rb8 29.
Bd5 h6 30. Be4 Qd4 31. b3 Qc3+ 32. Kb1 Qd4 33. Bd5 Re8 34. Be6 Rb8 35. Rc1 c6 36. Qc2 Qxf4 37. Qc3+ Kh7 38. Rg1 Qd4 39. Qxd4 cxd4 40. f6 Rf8 41. f7 d3 42. Rg8 d2 43.
Bf5# 1-0

[Event "NJSK 2026 Jeugd C"]
[Site "Helmond, Netherlands"]
[Date "2026.04.29"]
[Round "7.3"]
[White "Lenting, Roan"]
[Black "Zhang, Xiheng"]
[Result "1/2-1/2"]
[TimeControl "90min/40moves + 30sec/move"]
[WhiteTitle "-"]
[BlackTitle "-"]
[WhiteFideId "1085905"]
[BlackFideId "40102386"]
[WhiteElo "1986"]
[BlackElo "2135"]

1. e4 c5 2. c4 Nc6 3. Nc3 e6 4. g3 Nf6 5. Bg2 Be7 6. Nge2 O-O 7. O-O d6 8. a3 a6 9. Rb1 Rb8 10. f4 Re8 11. b4 cxb4 12.
axb4 b5 13. cxb5 axb5 14. h3 d5 15. e5 Nd7 16. Ba3 Ra8 17. Qb3 Bb7 18. d4 Qb6 19. Rfd1 Ra6 20. Bb2 Bxb4 21. Kh2 Rea8 22.
f5 Bxc3 23. Qxc3 Ne7 24. fxe6 fxe6 25. Qb4 Nf5 26. Rd3 Qa5 27. Bc3 Qxb4 28. Bxb4 Bc6 29. g4 Nh4 30. Bf1 Nb6 31. Kg3 Ng6 32.
Nc3 Nc4 33. Rdd1 Nf8 34. Bxc4 bxc4 35. Kf2 Be8 36. Bd6 Bg6 37. Rb7 R6a7 38. Rb5 h6 39. h4 Bd3 40. Kg3 Rf7 41. Rb2 Ng6 42.
h5 Nf8 43. Bc5 Nh7 44. Rf2 Rxf2 45. Kxf2 Ng5 46. Ke3 Ra6 47. Rc1 Kh7 48. Rd1 Ra8 49. Be7 Ne4 50. Nxe4 dxe4 51. Bb4 Ra2 52. Bd2 Ra7 53. Rg1 Rf7 54. d5 exd5 55. Kd4 Rf1 56.
Rg2 Rd1 57. Rf2 Bc2 58. e6 Ba4 59. Ke5 Bb5 60. Bc3 Rg1 61. Kxd5 Rxg4 62. e7 Be8 63. Rf8 Bxh5 64. e8=Q Bxe8 65.
Rxe8 h5 66. Re5 Kg6 67. Kxc4 h4 68. Re8 Kf7 69. Rh8 g5 70. Kd4 Kg7 71. Ke3+ Kf7 72. Be1 1/2-1/2